 Dungeon Crawl Stone Soup version 0.30-a0-918-g0ff054e9dc (webtiles) character file.

Game seed: 10997806376534419170

1448 cforsyth the Trooper (level 9, -5/108 HPs)
             Began as a Human Fighter on Mar 20, 2023.
             Killed by divine providence
             ... invoked by an orc priest
              (13 damage)
             ... on level 6 of the Dungeon.
             The game lasted 00:08:45 (5320 turns).

cforsyth the Trooper (Human Fighter)                Turns: 5320, Time: 00:08:46

Health: -5/108     AC: 24    Str: 20    XL:     9   Next: 4%
Magic:  9/9        EV:  2    Int: 10    God:
Gold:   333        SH:  5    Dex: 12    Spells: 8/8 levels left

rFire   . . .      SeeInvis .    a - +0 flail
rCold   + . .      Faith    .    c - +0 buckler
rNeg    . . .      Spirit   .    B - melded +4 scale mail "Toraly" {SInv}
rPois   +          Reflect  .    g - melded +0 helmet
rElec   .          Rampage  .    (cloak currently unavailable)
rCorr   .          NoTele   +    (gloves currently unavailable)
Will    .....                    h - melded +0 pair of boots
Stlth   +                        e - amulet of regeneration
HPRegen 1.18/turn                s - ring of protection from cold
MPRegen 0.11/turn                (no ring)

@: lethally poisoned (-5 -> -5), tree-form
A: stationary, stasis, torment immunity, boosted hp
a: no special abilities


You were on level 6 of the Dungeon.
You were a tree.
You visited 1 branch of the dungeon, and saw 6 of its levels.

You collected 333 gold pieces.

Inventory:

Hand Weapons
 a - a +0 flail (weapon)
Armour
 c - a +0 buckler (worn)
 g - a +0 helmet (melded)
 h - a +0 pair of boots (melded)
 B - the +4 scale mail "Toraly" (melded) {SInv}
   (You found it on level 5 of the Dungeon)

   SInv:      It lets you see invisible.
Jewellery
 e - an amulet of regeneration (around neck)
 s - a ring of protection from cold (left branch)
 u - a ring of protection from fire
Wands
 b - a wand of flame (4)
Scrolls
 f - 2 scrolls of enchant armour {unknown}
 j - 9 scrolls of identify {unknown}
 k - 2 scrolls of fear {unknown}
 l - 3 scrolls of teleportation {unknown}
 m - a scroll of enchant weapon {unknown}
 n - a scroll of silence {unknown}
 o - a scroll of amnesia {unknown}
 q - a scroll of noise {unknown}
 v - a scroll of vulnerability {unknown}
 y - a scroll of blinking {unknown}
 z - a scroll of magic mapping {unknown}
Potions
 d - a potion of might
 i - a potion of lignification
 p - a potion of magic
 r - a potion of resistance {unknown}
 t - a potion of brilliance {unknown}
 w - a potion of heal wounds
 x - a potion of ambrosia {unknown}
 A - 2 potions of curing {unknown}


   Skills:
 + Level 7.2 Fighting
 + Level 6.9 Maces & Flails
 - Level 4.6 Armour
 - Level 4.4 Shields


You had 8 spell levels left.
You didn't know any spells.
Your spell library contained the following spells:

 Spells                   Type           Power      Damage    Failure   Level
 Freeze                   Ice            0%         1d3       43%         1
 Sandblast                Erth           0%         2d4       43%         1
 Passwall                 Tmut/Erth      0%         N/A       58%         2
 Frozen Ramparts          Ice            0%         1d1       82%         3
 Hailstorm                Conj/Ice       0%         3d3       82%         3
 Stone Arrow              Conj/Erth      0%         3d7       82%         3


Dungeon Overview and Level Annotations

Branches:
Dungeon (6/15)
 Temple: D:4-7

Altars:
Ashenzari
Elyvilon
Hepliaklqana
Nemelex Xobeh
Okawaru

Shops:
D:6 !

Annotations:
D:5 Pikel


Message History

You feel very sick. You block the orc priest's attack.
The orc priest invokes the aid of Beogh against you.
Beogh smites you!
* * * LOW HITPOINT WARNING * * *
It was a potion of magic.
Magic courses through your body.
* * * LOW HITPOINT WARNING * * *
You feel very sick. You block the orc priest's attack.
The orc priest looks braver for a moment.
It was a potion of heal wounds.
You feel much better.
You feel very sick.
The orc priest hits you but does no damage. x2
You hit the orc priest.
The orc priest is heavily wounded.
You feel very sick. You block the orc priest's attack.
The orc priest hits you with a +4 whip of venom.
* * * LOW HITPOINT WARNING * * *
You sock the orc priest!
You kill the orc priest!
You feel sick.
The orc priest hits you but does no damage.
You hit the orc priest.
The orc priest is moderately wounded.
You feel sick.
The orc priest calls down the wrath of Beogh upon you.
Beogh smites you!
* * * LOW HITPOINT WARNING * * *
Okay, then.
You completely miss the orc priest.
The orc priest is moderately wounded.
You feel sick.
The orc priest looks satisfied for a moment.
You barely miss the orc priest.
The orc priest is moderately wounded.
You feel sick.
The orc priest mumbles some strange prayers to Beogh against you.
Beogh smites you!
You die...

+.........##....)...##
#.....†...##.....)..#
#..###.......#.##..........
#......######.............
...###...#####..########...
. #.#.##....## ####
#.#.......# #.###))...####
#...)♣..>.....
#....o.#######
+.......)....#
#.....†#####.#
#......#####+##
#..............
#..............
#..............
#..###.........


You could see an orc priest.

Vanquished Creatures
  Eustachio (D:5)
  An ogre (D:5)
  A centaur (D:5)
  3 phantoms
  4 lemures
  3 scorpions
  3 hounds
  2 jellies
  4 orc priests
  3 iguanas
  Robin (D:2)
  14 gnolls
  9 adders
  A white imp (D:5)
  A worm (D:5)
  3 dart slugs
  31 orcs
  7 ball pythons
  11 endoplasms
  7 giant cockroaches
  14 goblins
  8 hobgoblins
  8 kobolds
  3 quokkas
  4 bats
  3 frilled lizards
  6 rats
156 creatures vanquished.

Notes
Turn   | Place    | Note
-------+----------+-------------------------------------------
     0 | D:1      | cforsyth the Human Fighter began the quest for the Orb.
     0 | D:1      | Reached XP level 1. HP: 18/18 MP: 1/1
   205 | D:1      | Reached XP level 2. HP: 22/24 MP: 2/2
   416 | D:1      | Found a faded altar of an unknown god.
   495 | D:1      | Reached XP level 3. HP: 27/28 MP: 3/3
   834 | D:2      | Reached XP level 4. HP: 31/35 MP: 4/4
  1381 | D:2      | Reached XP level 5. HP: 23/42 MP: 5/5
  1640 | D:2      | Noticed Robin
  1774 | D:2      | Killed Robin
  2061 | D:3      | Reached skill level 4 in Fighting
  2121 | D:3      | Reached XP level 6. HP: 48/48 MP: 6/6
  3046 | D:4      | Found a white marble altar of Elyvilon.
  3071 | D:4      | Reached XP level 7. HP: 55/55 MP: 7/7
  3215 | D:4      | Found a broken altar of Ashenzari.
  3533 | D:4      | Found a hazy altar of Hepliaklqana.
  3566 | D:5      | Entered Level 5 of the Dungeon
  4273 | D:5      | Noticed Pikel
  4405 | D:5      | Identified the +0 ring mail "Qimoffif" {Int+5}
  4419 | D:5      | Noticed Eustachio
  4478 | D:5      | Killed Eustachio
  4479 | D:5      | Reached skill level 5 in Fighting
  4516 | D:5      | Reached skill level 5 in Maces & Flails
  4516 | D:5      | Reached XP level 8. HP: 38/63 MP: 8/8
  4546 | D:5      | Identified the +4 scale mail "Toraly" {SInv}
  4556 | D:5      | Reached skill level 6 in Fighting
  4829 | D:5      | Found a sparkling altar of Nemelex Xobeh.
  5185 | D:6      | Found Tifam's Distillery.
  5259 | D:6      | Reached skill level 7 in Fighting
  5276 | D:6      | Reached XP level 9. HP: 72/72 MP: 9/9
  5289 | D:6      | Found an iron altar of Okawaru.
  5314 | D:6      | HP: 4/108 [poisoned by an orc priest]
  5320 | D:6      | Killed from afar by an orc priest

Illustrated notes

Levels and vault maps discovered:
D:1:      dpeg_arrival_circle_labyrinth_c, layout_rooms,
          shapermc_ecumenical_altar_mp_highgroup
D:2:      layout_rooms, uniq_robin
D:3:      layout_loops_ring
D:4:      layout_rooms, mainiacjoe_overflow_surrounded_room,
          amcnicky_altar_gilded, nzn_hepliaklqana_mist_gate, serial_park_tiny_2
D:5:      layout_loops_cross, nicolae_overflow_hidden_temple,
          kennysheep_generic_room_13, uniq_eustachio, uniq_pikel
D:6:      layout_basic, mainiacjoe_overflow_concentric_impassable,
          nicolae_sif_muna_little_library, serial_shops, shop

Skill      XL: |  1  2  3  4  5  6  7  8 |
---------------+-------------------------+-----
Maces & Flails | 3 5 6 |  6.9
Armour         | 4 |  4.6
Fighting       | 4 5 7 |  7.2
Shields        | 4 |  4.4

Action                     |  1- 3 |  4- 6 |  7- 9 || total
---------------------------+-------+-------+-------++-------
  Melee: Flail             |   145 |   255 |   378 ||   778
    Use: Potion            |       |       |     3 ||     3
 Armour: Scale mail        |   129 |   128 |   229 ||   486
         Skin              |       |       |     3 ||     3
  Dodge: Dodged            |    78 |   150 |   217 ||   445
  Block: Buckler           |    51 |    83 |   112 ||   246

Table legend: (Time is in decaauts)
 A = Elapsed time spent in this place.
 B = Non-inter-level travel time spent in this place.
 C = Inter-level travel time spent in this place.
 D = Time resting spent in this place.
 E = Time spent auto-exploring this place.
 F = Levels seen in this place.
 G = Mean time per level.
                   A        B        C        D        E       F      G
               +--------+--------+--------+--------+--------+-----+--------+
         Total |   5523 |   5378 |    145 |   1167 |   2579 |   6 |  920.5 |
       Dungeon |   5523 |   5378 |    145 |   1167 |   2579 |   6 |  920.5 |
               +--------+--------+--------+--------+--------+-----+--------+

Top non-repeatable levels by time:
     D:4: 1213 daAuts
     D:1: 1082 daAuts
     D:3: 1081 daAuts
     D:2: 942 daAuts
     D:5: 905 daAuts
     D:6: 298 daAuts
